 Dungeon Crawl Stone Soup version 0.30-a0-394-g3e4acdb0ae (webtiles) character file.

Game seed: 13483761558836395943

21 funkygono the Firebug (level 2, 0/19 HPs)
             Began as a Demonspawn Fire Elementalist on Dec 6, 2022.
             Slain by a jackal (3 damage)
             ... on level 1 of the Dungeon.
             The game lasted 00:01:09 (755 turns).

funkygono the Firebug (Demonspawn Fire Elementalist) Turns: 755, Time: 00:01:09

Health: 0/19       AC:  2    Str:  8    XL:     2   Next: 62%
Magic:  1/5        EV: 12    Int: 16    God:
Gold:   31         SH:  0    Dex: 13    Spells: 2/5 levels left

rFire   . . .      SeeInvis .    g - +0 whip
rCold   . . .      Faith    .    (no shield)
rNeg    . . .      Spirit   .    a - +0 robe
rPois   .          Reflect  .    (no helmet)
rElec   .          Harm     .    (no cloak)
rCorr   .          Rampage  .    (no gloves)
Will    .....                    (no boots)
Stlth   ++........               (no amulet)
HPRegen 0.23/turn                (no ring)
MPRegen 0.09/turn                (no ring)

@: no status effects
A: powered by death 1
a: no special abilities


You were on level 1 of the Dungeon.
You visited 1 branch of the dungeon, and saw 1 of its levels.

You collected 31 gold pieces.

Inventory:

Hand Weapons
 g - a +0 whip (weapon)
Armour
 a - a +0 robe (worn)
 h - a +0 leather armour
Scrolls
 c - 2 scrolls of identify {unknown}
 d - a scroll of enchant weapon {unknown}
 e - a scroll of enchant armour {unknown}
Potions
 f - 2 potions of cancellation {unknown}
 i - 2 potions of degeneration {unknown}


   Skills:
 + Level 1.8 Dodging
 - Level 1.7 Stealth
 + Level 2.2 Spellcasting
 + Level 1.1 Conjurations
 + Level 3.3 Fire Magic


You had 2 spell levels left.
You knew the following spells:

 Your Spells              Type           Power      Damage    Failure   Level
a - Foxfire               Conj/Fire      36%        2x1d5     9%          1
b - Scorch                Fire           24%        2d6       8%          2

Your spell library contained the following spells:

 Spells                   Type           Power      Damage    Failure   Level
 Inner Flame              Hex/Fire       7%         N/A       30%         3
 Kindle Blastsparks       Fire/Tloc/Air  10%        2d10      36%         3
 Flame Wave               Conj/Fire      9%         2d6       63%         4


Dungeon Overview and Level Annotations

Branches:
Dungeon (1/15)

Altars:


Innate Abilities, Weirdness & Mutations

You regenerate a little health from kills.


Message History

Okay, then.
You closely miss the jackal.
The jackal is severely wounded.
The jackal closely misses you. x3
You barely miss the jackal.
The jackal is severely wounded.
The jackal barely misses you. x3
You barely miss the jackal.
The jackal is severely wounded.
The jackal bites you. x2
* * * LOW HITPOINT WARNING * * *
The jackal completely misses you. The jackal closely misses you.
Magic courses through your body. The jackal misses you.
The jackal closely misses you.
Casting: Scorch (safe; 9% risk of failure)
Confirm with . or Enter, or press ? or * to list all spells.
Flames lash the jackal.
You kill the jackal!
Unknown command.
You barely miss the jackal.
The jackal is moderately wounded.
The jackal barely misses you.
The jackal bites you but does no damage. x2
The jackal bites you.
* * * LOW HITPOINT WARNING * * *
Casting: Scorch (safe; 8% risk of failure)
Confirm with . or Enter, or press ? or * to list all spells.
Flames lash the jackal.
You kill the jackal!
The jackal completely misses you.
Unknown command.
Casting: Scorch (safe; 8% risk of failure)
Confirm with . or Enter, or press ? or * to list all spells.
You don't have enough magic to cast this spell.
Unknown command.
The jackal misses you. The jackal bites you.
* * * LOW HITPOINT WARNING * * *
You see here a jackal corpse.
The jackal attacks as you move away! The jackal bites you.
You die...

#.###+# #######.#
#.......## .8
#.......'# h#
#.......## h#
###.......# h##
#...####### h8
#.########## .#
#@##8##8##8##.##8#
#.h.†........!....
####8##8##8##.##8#
######### .# .8
.## .# .8 .#


You could see a jackal.

Vanquished Creatures
  3 ball pythons (D:1)
  4 bats (D:1)
  An endoplasm (D:1)
  A goblin (D:1)
  2 hobgoblins (D:1)
  3 jackals (D:1)
  A quokka (D:1)
  2 kobolds (D:1)
17 creatures vanquished.

Vanquished Creatures (others)
  38 foxfires (D:1)
38 creatures vanquished.

Grand Total: 55 creatures vanquished

Notes
Turn   | Place    | Note
-------+----------+-------------------------------------------
     0 | D:1      | funkygono the Demonspawn Fire Elementalist began the quest
                  | for the Orb.
     0 | D:1      | Reached XP level 1. HP: 13/13 MP: 3/3
   386 | D:1      | Reached skill level 3 in Fire Magic
   409 | D:1      | Found a faded altar of an unknown god.
   452 | D:1      | Gained mutation: You regenerate a little health from kills.
                  | [demonic ancestry]
   452 | D:1      | Reached XP level 2. HP: 19/19 MP: 3/5
   455 | D:1      | Learned a level 2 spell: Scorch
   755 | D:1      | Slain by a jackal

Illustrated notes

Levels and vault maps discovered:
D:1:      dpeg_arrival_central, layout_basic, hellmonk_ecumenical_altar_blasted,
          dk_noncrumbling_2, hangedman_abyss_or_decor_lesser_grid, minivault_4

Skill      XL: |  1 |
---------------+----+-----
Fire Magic     | 3 |  3.3
Dodging        | |  1.8
Stealth        | |  1.7
Spellcasting   | |  2.2
Conjurations   | |  1.1

Action                   || total
-------------------------++-------
Melee: Whip              ||    10
 Cast: Foxfire           ||    21
       Scorch            ||     4
  Use: Potion            ||     1
Armor: Robe              ||     4
Dodge: Dodged            ||    33

Table legend: (Time is in decaauts)
 A = Elapsed time spent in this place.
 B = Non-inter-level travel time spent in this place.
 C = Inter-level travel time spent in this place.
 D = Time resting spent in this place.
 E = Time spent auto-exploring this place.
 F = Levels seen in this place.
 G = Mean time per level.
                   A        B        C        D        E       F      G
               +--------+--------+--------+--------+--------+-----+--------+
         Total |    756 |    756 |      0 |     38 |    579 |   1 |  756.0 |
       Dungeon |    756 |    756 |      0 |     38 |    579 |   1 |  756.0 |
               +--------+--------+--------+--------+--------+-----+--------+

Top non-repeatable levels by time:
     D:1: 756 daAuts
